 Dungeon Crawl Stone Soup version 0.31-a0-263-ge8cad7f256 (webtiles) character file.

Game seed: 7075369953401085306

46 lunkers the Insei (level 4, -1/54 HPs)
             Began as a Meteoran Shapeshifter on July 13, 2023.
             Succumbed to a kobold's poison
             ... on level 2 of the Dungeon.
             The game lasted 00:01:33 (658 turns).

lunkers the Insei (Meteoran Shapeshifter)            Turns: 658, Time: 00:01:33

Health: -1/54      AC: 22    Str: 16    XL:     4   Next: 15%
Magic:  5/5        EV:  2    Int:  9    God:
Gold:   82         SH:  0    Dex: 17    Spells: 3/3 levels left

rFire   . .          .
                       - Unarmed
rCold   . . .        (no shield)
rNeg    . . .        a - melded +0 animal skin
rPois   +            (helmet currently unavailable)
rElec   .            (cloak currently unavailable)
rCorr   .            (gloves currently unavailable)
SInv    .            (boots currently unavailable)
Will    .....        (no amulet)
Stlth   +            (no ring)
HPRegen 0.29/turn    (no ring)
MPRegen 0.09/turn

%: no passive effects
@: lethally poisoned (-1 -> -19), tree-form, glowing
A: stationary, stasis, torment immunity, boosted hp, sense surroundings 1,
otherworldly, glowing, explore regen
a: no special abilities


You were on level 2 of the Dungeon.
You were a tree.
You visited 1 branch of the dungeon, and saw 2 of its levels.

You collected 82 gold pieces.

Inventory:

Armour
 a - a +0 animal skin (melded)
 g - a scarf of invisibility
Jewellery
 h - an amulet of guardian spirit
Talismans
 c - a beast talisman
Scrolls
 e - a scroll of brand weapon {unknown}
 f - 2 scrolls of enchant weapon
 i - a scroll of identify {unknown}
Potions
 d - 2 potions of resistance {unknown}


   Skills:
 - Level 2.1 Fighting
 - Level 2.4 Dodging
 + Level 4.8 Unarmed Combat
 - Level 3.6 Shapeshifting


You had 3 spell levels left.
You didn't know any spells.
Your spell library contained the following spells:

 Spells                   Type           Power      Damage    Failure   Level
 Anguish                  Hex/Necr       0%         N/A       99%         4
 Cause Fear               Hex            0%         N/A       99%         4
 Enfeeble                 Hex            0%         N/A       100%        7


Dungeon Overview and Level Annotations

Branches:
Dungeon (2/15) Zot: 547

Altars:


Innate Abilities, Weirdness & Mutations

You are a tree.
Your roots penetrate the ground, keeping you stationary.
You cannot be teleported.
You are immune to unholy pain and torment.
Your maximum health is greatly increased.
Your equipment is partially melded.
You passively map a small area around you.
You are easily found by Zot.
You glow in the dark.
You regain HP and MP as you explore.


Message History

The kobold hits you with a +0 dagger of speed.
The kobold closely misses you.
The kobold hits you with a +0 dagger of speed.
The kobold attacks as you move away! The kobold closely misses you.
The kobold attacks as you move away!
The kobold hits you but does no damage. x2
The kobold attacks as you move away!
The kobold hits you with a +4 short sword of venom.
You are poisoned.
The kobold attacks as you move away!
The kobold hits you with a +0 short sword.
You feel very sick. The kobold attacks as you move away!
The kobold hits you with a +4 short sword of venom!
* * * LOW HITPOINT WARNING * * *
The kobold attacks as you move away! The kobold barely misses you.
* * * LOW HITPOINT WARNING * * *
You feel very sick.
Really quaff the potion of lignification?
Your transformation has ended.
You turn into a tree.
Your +0 animal skin melds into your body.
Your roots penetrate the ground.
You feel sick.
Unknown command.
You closely miss the kobold.
You feel sick.
The kobold hits you but does no damage. x2
You completely miss the kobold.
You feel sick. The kobold hits you but does no damage.
You are lethally poisoned!
The kobold hits you but does no damage.
You smack the kobold!
You kill the kobold!
* * * LOW HITPOINT WARNING * * *
You feel very sick.
The kobold throws a stone.
The stone hits you but does no damage.
The kobold hits you with a +4 short sword of venom.
* * * LOW HITPOINT WARNING * * *
You are more poisoned.
You hit the kobold.
You kill the kobold!
You die...

#.# #.)# ###.
##.## #..# #...
#...# #..# #.#.
###...### #..#
#.)...<.#####..#
#...............,
,,*
#.......#####...,
** , ###...###
#...♣)# * * ,
#####K### * ,
#.....# ##)K'##
*#)..#* ,>
*#(....# *
#.......#
#.......#
#.......#


You could see 2 kobolds.

Vanquished Creatures
  A dart slug (D:1)
  6 ball pythons
  3 bats
  5 endoplasms
  A giant cockroach (D:2)
  5 goblins
  6 hobgoblins
  2 jackals (D:1)
  8 kobolds
  A frilled lizard (D:1)
  A rat (D:2)
39 creatures vanquished.

Notes
Turn   | Place    | Note
-------+----------+-------------------------------------------
     0 | D:1      | lunkers the Meteoran Shapeshifter began the quest for the
                  | Orb.
     0 | D:1      | Reached XP level 1. HP: 17/17 MP: 2/2
   109 | D:1      | Reached skill level 3 in Unarmed Combat
   109 | D:1      | Reached XP level 2. HP: 24/24 MP: 3/3
   176 | D:1      | Reached XP level 3. HP: 14/29 MP: 4/4
   178 | D:1      | Reached skill level 4 in Unarmed Combat
   557 | D:2      | Reached XP level 4. HP: 36/36 MP: 5/5
   657 | D:2      | HP: 2/54 [kobold/+4 short sword of venom (3)]
   658 | D:2      | Succumbed to a kobold's poison

Illustrated notes

Levels and vault maps discovered:
D:1:      kilobyte_arrival_exit_the_forest, layout_loops_ring
D:2:      cheibrodos_fertilizer, layout_loops_ring, minmay_pentomino_p2

Skill      XL: |  1  2  3 |
---------------+----------+-----
Unarmed Combat | 3 4 |  4.8
Fighting       | |  2.1
Dodging        | |  2.4
Shapeshifting  | |  3.6

Action                     |  1- 3 |  4- 6 || total
---------------------------+-------+-------++-------
  Melee: Unarmed           |    71 |    11 ||    82
         Punch             |     3 |       ||     3
    Use: Scroll            |     3 |       ||     3
         Potion            |       |     1 ||     1
 Armour: Animal skin       |    14 |     3 ||    17
         Skin              |       |     5 ||     5
  Dodge: Dodged            |    36 |     5 ||    41

Table legend: (Time is in decaauts)
 A = Elapsed time spent in this place.
 B = Non-inter-level travel time spent in this place.
 C = Inter-level travel time spent in this place.
 D = Time resting spent in this place.
 E = Time spent auto-exploring this place.
 F = Levels seen in this place.
 G = Mean time per level.
                   A        B        C        D        E       F      G
               +--------+--------+--------+--------+--------+-----+--------+
         Total |    652 |    601 |     51 |      0 |    407 |   2 |  326.0 |
       Dungeon |    652 |    601 |     51 |      0 |    407 |   2 |  326.0 |
               +--------+--------+--------+--------+--------+-----+--------+

Top non-repeatable levels by time:
     D:1: 452 daAuts
     D:2: 200 daAuts
